Map: King Sejong Station LE

Players

Gemini - Winner!

  • Race: Protoss Protoss
  • League: Master

A.I. 1 (Very Easy)

  • Race: Terran Terran

VOD

Have the link to the VOD?

Description

Time

  • Played on: Oct. 17, 2016, 9:22 p.m.
  • Length: 6:33
Show
View Real Time Build Order
Export as new Build Order

Gemini Protoss - Winner!

Build Orders: 1 Gate Expand, Blink Stalkers 

Get SALT Encoding   

  12  0:01  Probe (Chrono Boost)  
  13  0:11  Probe (Chrono Boost)  
  14  0:18  Pylon  
  14  0:22  Probe (Chrono Boost)  
  15  0:36  Gateway, Probe (Chrono Boost)  
  16  0:44  Assimilator  
  16  0:46  Probe (Chrono Boost)  
  17  0:57  Probe (Chrono Boost)  
  18  1:08  Probe (Chrono Boost)  
  19  1:21  Nexus  
  19  1:25  Probe (Chrono Boost)  
  20  1:36  Cybernetics Core  
  20  1:38  Probe (Chrono Boost)  
  21  1:45  Assimilator  
  21  1:49  Probe (Chrono Boost)  
  21  1:54  Pylon  
  22  1:59  Probe (Chrono Boost)  
  23  2:09  Stalker  
  23  2:13  Warp Gate, Probe (Chrono Boost)  
  26  2:25  Probe (Chrono Boost)  
  27  2:30  Robotics Facility  
  27  2:38  Probe (Chrono Boost)  
  27  2:39  Mothership Core (Chrono Boost)  
  30  2:49  Probe (Chrono Boost)  
  31  2:57  Probe (Chrono Boost)  
  32  3:00  Probe (Chrono Boost)  
  32  3:02  Twilight Council  
  33  3:08  Probe (Chrono Boost)  
  33  3:09  Stalker  
  33  3:11  Probe (Chrono Boost)  
  37  3:17  Observer  
  38  3:21  Probe (Chrono Boost)  
  38  3:22  Probe (Chrono Boost)  
  40  3:31  Blink  
  40  3:33  Probe (Chrono Boost)  
  42  3:34  Gateway x2, Probe (Chrono Boost)  
  42  3:42  Pylon  
  42  3:48  Probe (Chrono Boost)  
  44  3:49  Probe (Chrono Boost)  
  44  3:59  Assimilator, Probe (Chrono Boost)  
  44  4:00  Observer  
  46  4:08  Probe (Chrono Boost)  
  46  4:09  Pylon, Probe (Chrono Boost)  
  48  4:16  Warp Prism  
  48  4:20  Probe (Chrono Boost)  
  48  4:21  Probe (Chrono Boost)  
  48  4:22  Stalker  
  55  4:32  Stalker x2, Probe (Chrono Boost)  
  55  4:34  Probe (Chrono Boost)  
  55  4:38  Pylon x2  
  60  4:45  Gateway  
  60  4:47  Gateway  
  60  4:50  Gateway  
  60  4:56  Stalker  
  60  4:58  Stalker  
  64  5:02  Stalker  
  66  5:09  Observer  
  66  5:10  Pylon  
  66  5:12  Pylon  
  67  5:20  Stalker  
  69  5:22  Stalker  
  69  5:26  Stalker  
  73  5:32  Pylon  
  73  5:54  Adept x4  
  73  5:55  Adept x2  
  85  5:57  Warp Prism  
  87  6:15  Stalker  
  87  6:16  Stalker x5  
  99  6:20  Pylon  
  99  6:22  Pylon  
  99  6:24  Pylon  
Show
View Real Time Build Order
Export as new Build Order

A.I. 1 (Very Easy) Terran 

Build Orders:  

Get SALT Encoding   

  12  0:00  SCV  
  13  0:13  SCV  
  14  0:18  Supply Depot  
  14  0:37  Refinery  
  14  0:41  Barracks  
  14  1:05  Supply Depot  
  14  1:11  Refinery  
  14  1:30  Orbital Command, Marine  
  15  1:55  SCV  
  16  2:07  SCV  
  17  2:12  Marine  
  18  2:19  SCV  
  19  2:31  SCV, Barracks Tech Lab  
  20  2:43  SCV  
  21  2:55  SCV, Marauder  
  24  5:54  Marine  
  24  5:57  SCV  
  24  5:59  Supply Depot  
  20  6:09  SCV  
Tags
 
Add a new tag
Caveats
  • Supply blocks, unpowered buildings, or Contaminate may cause inaccurate times.
  • Supply counts are checked every 10 seconds.